[Event "ESP-ch U1700 2024"]
[Site "Albacete"]
[Date "2024.08.29"]
[Round "5.7"]
[White "Rovira Grimaldos, Jose Luis"]
[Black "Molina Gomez, Juan Francisco"]
[Result "0-1"]
[ECO "B20"]
[WhiteElo "1607"]
[BlackElo "1677"]
[Annotator "NA RC"]
[PlyCount "70"]
[EventDate "2024.08.27"]
[EventType "swiss"]
[EventCountry "ESP"]
[SourceTitle "playchess.com"]
[Source "ChessBase"]
[SourceQuality "1"]
[TimeControl "5400+30"]

1. e4 c5 2. Bc4 Nc6 3. Nf3 e6 4. O-O d5 5. exd5 exd5 6. Re1+ Be6 7. Bb5 a6 8. Bxc6+ bxc6 9. d4 h6 10. Be3 c4 11. Ne5 Bd6 12. Bf4 Ne7 13. Bg3 O-O 14. c3 a5 15. Nd2 Ra6 16. b3 cxb3 17. axb3 Nf5 18. Ng6 Re8 19. Bxd6 Nxd6 20. Ne5 Bf5 21. b4 Ne4 22. Nxe4 Bxe4 23. Qe2 Qa8 24. Qg4 Re6 25. Nxf7 Rg6 26. Qd7 Rxg2+ 27. Kf1 Ra7 28. Nxh6+ gxh6 29. Qe6+ Rf7 30. Rxe4 Rgxf2+ 31. Kg1 dxe4 32. Rxa5 Qf8 33. Rg5+ hxg5 34. Qg6+ Qg7 35. Qxg7+ Kxg7 0-1

[Event "ESP-ch U1700 2024"]
[Site "Albacete"]
[Date "2024.08.29"]
[Round "5.8"]
[White "Muniz Otero, Lucas"]
[Black "Quiros Florea, Rafael-Santiago"]
[Result "1/2-1/2"]
[ECO "A45"]
[WhiteElo "1605"]
[BlackElo "1666"]
[Annotator "NA RC"]
[PlyCount "76"]
[EventDate "2024.08.27"]
[EventType "swiss"]
[EventCountry "ESP"]
[SourceTitle "playchess.com"]
[Source "ChessBase"]
[SourceQuality "1"]
[TimeControl "5400+30"]

1. d4 Nf6 2. Bf4 d5 3. e3 c5 4. c3 Nc6 5. Nf3 Bf5 6. Bd3 Bxd3 7. Qxd3 e6 8. Nbd2 Be7 9. O-O O-O 10. Ne5 Nxe5 11. Bxe5 Bd6 12. Bxd6 Qxd6 13. Rfe1 cxd4 14. exd4 Rac8 15. Nf3 a6 16. Ne5 Nd7 17. Rac1 Nxe5 18. dxe5 Qc5 19. Qf3 b5 20. Red1 d4 21. Qf4 dxc3 22. Rxc3 Qe7 23. Qe3 Rfd8 24. Rd6 Rxc3 25. Qxc3 h6 26. Rxd8+ Qxd8 27. Qc2 Qd5 28. Qc8+ Kh7 29. g3 Qxe5 30. Qc2+ g6 31. Qc8 Qxb2 32. Qb7 Kg7 33. Qxa6 Qb4 34. a3 Qb1+ 35. Kg2 Kf6 36. Qd6 Qe4+ 37. Kg1 Kg5 38. Qe7+ f6 1/2-1/2

[Event "ESP-ch U1700 2024"]
[Site "Albacete"]
[Date "2024.08.29"]
[Round "5.9"]
[White "Gil Toscano, Pablo"]
[Black "Lopez Ortuno, Angel"]
[Result "0-1"]
[ECO "C01"]
[WhiteElo "1656"]
[BlackElo "1534"]
[Annotator "NA RC"]
[PlyCount "68"]
[EventDate "2024.08.27"]
[EventType "swiss"]
[EventCountry "ESP"]
[SourceTitle "playchess.com"]
[Source "ChessBase"]
[SourceQuality "1"]
[TimeControl "5400+30"]

1. e4 e6 2. d4 d5 3. exd5 exd5 4. Nf3 Nf6 5. Bd3 Bd6 6. O-O O-O 7. h3 Be6 8. Re1 c6 9. Nbd2 Nbd7 10. Nf1 Qc7 11. Ne3 h6 12. Nf5 Bxf5 13. Bxf5 Rae8 14. Be3 Ne4 15. c3 Ndf6 16. Bxe4 Nxe4 17. Nd2 f5 18. Nxe4 dxe4 19. d5 Bh2+ 20. Kh1 f4 21. d6 Qd7 22. Bxa7 f3 23. Kxh2 Re5 24. Bd4 Rh5 25. Rxe4 Qxd6+ 26. Be5 Qg6 27. g4 Qxe4 28. gxh5 Qxe5+ 29. Kh1 Qxh5 30. Kh2 Qe5+ 31. Kh1 Qf5 32. Kh2 Qf4+ 33. Kg1 Qg5+ 34. Kh1 Qg2# 0-1

[Event "ESP-ch U1700 2024"]
[Site "Albacete"]
[Date "2024.08.30"]
[Round "6.1"]
[White "Jimenez Fernandez, Alejandro"]
[Black "Garcia-Munoz Arias, Diego"]
[Result "1/2-1/2"]
[ECO "A04"]
[WhiteElo "1956"]
[BlackElo "1696"]
[Annotator "RC"]
[PlyCount "95"]
[EventDate "2024.08.27"]
[EventType "swiss"]
[EventCountry "ESP"]
[SourceTitle "playchess.com"]
[Source "ChessBase"]
[SourceQuality "1"]
[TimeControl "5400+30"]

1. Nf3 d6 2. d4 f5 3. c4 Nf6 4. Nc3 g6 5. e3 Bg7 6. b3 O-O 7. Bb2 c6 8. Qc2 a5 9. Be2 Qe8 10. d5 e5 11. dxe6 Bxe6 12. O-O-O a4 13. Nxa4 Ne4 14. Bxg7 Kxg7 15. Bd3 d5 16. cxd5 cxd5 17. Bxe4 fxe4 18. Nd4 Na6 19. Qb2 Kg8 20. Nb6 Rd8 21. Kb1 Nb4 22. Nxe6 Qxe6 23. Qd4 Nd3 24. Rd2 Rxf2 25. Rxf2 Nxf2 26. Rf1 Nd3 27. Nc4 Rf8 28. Rxf8+ Kxf8 29. Qh8+ Qg8 30. Qxg8+ Kxg8 31. Nd6 Ne1 32. Nxb7 Nxg2 33. a4 Nxe3 34. a5 d4 35. Nd6 Kf8 36. Nxe4 Ke7 37. Kc1 Kd7 38. Kd2 Kc6 39. Kd3 Kb5 40. Kxd4 Nf5+ 41. Ke5 Kxa5 42. Kf6 Kb4 43. Ng5 Nh4 44. Kg7 h5 45. Kf6 Kxb3 46. Ne4 Nf3 47. Kxg6 Nxh2 48. Kxh5 1/2-1/2

[Event "ESP-ch U1700 2024"]
[Site "Albacete"]
[Date "2024.08.30"]
[Round "6.2"]
[White "Lopez Milian, Adela"]
[Black "El Ammari Rovira, Yassin Jesus"]
[Result "0-1"]
[ECO "A84"]
[WhiteElo "1681"]
[BlackElo "1582"]
[Annotator "NA RC"]
[PlyCount "96"]
[EventDate "2024.08.27"]
[EventType "swiss"]
[EventCountry "ESP"]
[SourceTitle "playchess.com"]
[Source "ChessBase"]
[SourceQuality "1"]
[TimeControl "5400+30"]

1. d4 f5 2. c4 e6 3. Nc3 Bb4 4. e3 Bxc3+ 5. bxc3 Nf6 6. Ba3 b6 7. Be2 Bb7 8. Nf3 d6 9. Qb3 c5 10. dxc5 dxc5 11. Bxc5 Ne4 12. Ba3 Nd7 13. O-O Ndc5 14. Qb2 O-O 15. Rac1 Qf6 16. Qc2 Rfd8 17. Nd4 e5 18. Bxc5 Nxc5 19. Nxf5 Be4 20. Qb2 Bxf5 21. Rcd1 Qg6 22. Kh1 Qc6 23. Qb5 Qxb5 24. cxb5 Na4 25. Rc1 Rac8 26. c4 Rd2 27. Bd1 Rxa2 28. c5 Ra3 29. cxb6 Nxb6 30. Rxc8+ Bxc8 31. Bf3 Bd7 32. h3 Bxb5 33. Rd1 Rd3 34. Rc1 Bc4 35. Be2 e4 36. Bxd3 exd3 37. Rd1 Na4 38. Kg1 Nb2 39. Rd2 Na4 40. f3 Nc5 41. Kf2 Nb3 42. Rd1 a5 43. e4 a4 44. e5 a3 45. e6 a2 46. e7 Kf7 47. Re1 Ke8 48. Ke3 a1=Q 0-1

[Event "ESP-ch U1700 2024"]
[Site "Albacete"]
[Date "2024.08.30"]
[Round "6.3"]
[White "Saiz Alonso de Armino, Daniel"]
[Black "Molina Gomez, Juan Francisco"]
[Result "1-0"]
[ECO "A43"]
[WhiteElo "1689"]
[BlackElo "1677"]
[Annotator "NA RC"]
[PlyCount "115"]
[EventDate "2024.08.27"]
[EventType "swiss"]
[EventCountry "ESP"]
[SourceTitle "playchess.com"]
[Source "ChessBase"]
[SourceQuality "1"]
[TimeControl "5400+30"]

1. d4 c5 2. c3 Nc6 3. Nf3 cxd4 4. cxd4 Qa5+ 5. Nc3 d6 6. Bf4 e5 7. Bg3 Bg4 8. d5 Bxf3 9. exf3 Nd4 10. f4 Rc8 11. Rc1 Nf5 12. fxe5 Nxg3 13. hxg3 dxe5 14. Bb5+ Kd8 15. Bd3 Nf6 16. O-O a6 17. Bf5 Rc4 18. Qe2 Qc7 19. Rfd1 Bd6 20. Qe3 g6 21. Qg5 Qe7 22. Bh3 h6 23. Qd2 g5 24. Ne4 Rxc1 25. Rxc1 g4 26. Nxf6 gxh3 27. Ne4 Qd7 28. Nxd6 h2+ 29. Kxh2 Qxd6 30. Qa5+ Kd7 31. Qa4+ Ke7 32. Qh4+ Kd7 33. Qg4+ Ke7 34. Qg7 Rd8 35. Re1 Kd7 36. Qxf7+ Kc8 37. Qf5+ Kb8 38. Qxe5 Qxe5 39. Rxe5 Rd6 40. Kh3 b5 41. Kh4 b4 42. f4 Kc7 43. f5 a5 44. g4 a4 45. g5 hxg5+ 46. Kxg5 Rd8 47. Re7+ Kb6 48. f6 Rxd5+ 49. Kg6 Rd2 50. g4 a3 51. bxa3 bxa3 52. f7 Rf2 53. Re6+ Kb5 54. Rf6 Rxa2 55. f8=Q Ka4 56. Rb6 Ka5 57. Qc5+ Ka4 58. Qb5# 1-0

[Event "ESP-ch U1700 2024"]
[Site "Albacete"]
[Date "2024.08.30"]
[Round "6.4"]
[White "Perez Fernandez, Alvaro"]
[Black "Trujillo Torres, Alvaro"]
[Result "1/2-1/2"]
[ECO "A04"]
[WhiteElo "1638"]
[BlackElo "1595"]
[Annotator "NA RC"]
[PlyCount "73"]
[EventDate "2024.08.27"]
[EventType "swiss"]
[EventCountry "ESP"]
[SourceTitle "playchess.com"]
[Source "ChessBase"]
[SourceQuality "1"]
[TimeControl "5400+30"]

1. Nf3 d6 2. g3 Nf6 3. Bg2 e5 4. d3 c6 5. O-O Be7 6. e4 O-O 7. Nc3 Qc7 8. Re1 Rd8 9. Bg5 Nbd7 10. Qe2 h6 11. Bxf6 Nxf6 12. Rad1 Qb6 13. Rb1 Bg4 14. Qe3 Qxe3 15. Rxe3 Bxf3 16. Bxf3 Re8 17. b4 b5 18. a4 a6 19. Ree1 Nd7 20. axb5 axb5 21. Ra1 Nf8 22. Rxa8 Rxa8 23. Rb1 Ne6 24. Rb2 Nd4 25. Kg2 Bd8 26. Ne2 Bb6 27. c3 Nxe2 28. Bxe2 Ra3 29. Rc2 Kf8 30. Bg4 Ke7 31. f4 f6 32. f5 d5 33. Be2 Rb3 34. Kh3 Bg1 35. Kg2 Bb6 36. Kh3 dxe4 37. dxe4 1/2-1/2

[Event "ESP-ch U1700 2024"]
[Site "Albacete"]
[Date "2024.08.30"]
[Round "6.5"]
[White "Lopez Ortuno, Angel"]
[Black "Cerdeno Gil, Izan"]
[Result "0-1"]
[ECO "C54"]
[WhiteElo "1534"]
[BlackElo "1637"]
[Annotator "NA RC"]
[PlyCount "86"]
[EventDate "2024.08.27"]
[EventType "swiss"]
[EventCountry "ESP"]
[SourceTitle "playchess.com"]
[Source "ChessBase"]
[SourceQuality "1"]
[TimeControl "5400+30"]

1. e4 e5 2. Nf3 Nc6 3. Bc4 Bc5 4. c3 Nf6 5. d3 d6 6. h3 h6 7. O-O O-O 8. Re1 Re8 9. Nbd2 d5 10. exd5 Nxd5 11. b4 Bb6 12. Qb3 Be6 13. Nxe5 Nxe5 14. Rxe5 Qd6 15. Nf3 c6 16. Ba3 Qd7 17. Rae1 Nf4 18. Bxe6 Rxe6 19. Rxe6 fxe6 20. d4 Rf8 21. b5 Rf5 22. Ne5 Qe8 23. Qb4 Rxe5 24. Rxe5 Nd3 25. Qe7 Qxe7 26. Bxe7 Nxe5 27. dxe5 cxb5 28. Kf1 Ba5 29. Bb4 Bxb4 30. cxb4 Kf7 31. Ke2 Kg6 32. Ke3 Kf5 33. f4 h5 34. Kf3 h4 35. g4+ hxg3 36. Kxg3 g5 37. fxg5 Kxg5 38. h4+ Kf5 39. h5 Kg5 40. h6 Kxh6 41. Kh4 Kg6 42. Kg4 b6 43. Kf4 Kh5 0-1

[Event "ESP-ch U1700 2024"]
[Site "Albacete"]
[Date "2024.08.30"]
[Round "6.6"]
[White "Vega Garcia, Alejandro"]
[Black "Carrilero Otalora, Vanesa"]
[Result "1/2-1/2"]
[ECO "C54"]
[WhiteElo "1636"]
[BlackElo "1692"]
[Annotator "NA RC"]
[PlyCount "134"]
[EventDate "2024.08.27"]
[EventType "swiss"]
[EventCountry "ESP"]
[SourceTitle "playchess.com"]
[Source "ChessBase"]
[SourceQuality "1"]
[TimeControl "5400+30"]

1. e4 e5 2. Nf3 Nc6 3. Bc4 Bc5 4. c3 Nf6 5. d3 d6 6. h3 h6 7. a4 a5 8. Be3 Bxe3 9. fxe3 O-O 10. O-O Qe7 11. Nh4 Be6 12. Bxe6 Qxe6 13. Nf5 Ne7 14. Nd2 Ng6 15. Qf3 Kh7 16. Rf2 c6 17. Raf1 d5 18. Nxg7 Kxg7 19. Qxf6+ Qxf6 20. Rxf6 Nf4 21. Rd6 Nxd3 22. exd5 cxd5 23. Rxd5 Nxb2 24. Rxe5 Nxa4 25. Ne4 Rfe8 26. Rxe8 Rxe8 27. Nd6 Re7 28. Nf5+ Kf8 29. Nxe7 Kxe7 30. Ra1 Nxc3 31. Rxa5 b5 32. Ra7+ Kf6 33. Rb7 Nd1 34. Rxb5 Nxe3 35. Kf2 Nf5 36. g4 Ng7 37. Kg3 Kg6 38. Rb7 h5 39. Rb6+ Ne6 40. Kh4 hxg4 41. hxg4 Kh6 42. g5+ Kg6 43. Kg4 Kg7 44. Ra6 Kg6 45. Rd6 Kh7 46. Kf5 Kg7 47. Rd7 Nf8 48. Ra7 Ng6 49. Ra6 Nf8 50. Rf6 Nd7 51. Ra6 Nf8 52. Ra1 Ng6 53. Rf1 Ne7+ 54. Ke5 Ng6+ 55. Kd6 Nf8 56. Ke7 Ng6+ 57. Ke8 Nh8 58. Rf6 Kg8 59. Rf2 Kg7 60. Rh2 Ng6 61. Rf2 Nh8 62. Rf6 Kg8 63. Rh6 Ng6 64. Kd8 Kg7 65. Kd7 f6 66. gxf6+ Kxh6 67. Ke8 Kg5 1/2-1/2

[Event "ESP-ch U1700 2024"]
[Site "Albacete"]
[Date "2024.08.30"]
[Round "6.7"]
[White "Varela Cano, Hugo"]
[Black "Munoz Xu, Lain"]
[Result "1-0"]
[ECO "B12"]
[WhiteElo "1691"]
[BlackElo "1646"]
[Annotator "NA RC"]
[PlyCount "95"]
[EventDate "2024.08.27"]
[EventType "swiss"]
[EventCountry "ESP"]
[SourceTitle "playchess.com"]
[Source "ChessBase"]
[SourceQuality "1"]
[TimeControl "5400+30"]

1. e4 c6 2. d4 d5 3. e5 c5 4. dxc5 Nc6 5. Nf3 Bg4 6. Be2 e6 7. a3 Bxc5 8. Nbd2 Nge7 9. b4 Bb6 10. Bb2 a6 11. O-O O-O 12. h3 Bh5 13. c4 dxc4 14. Nxc4 Bc7 15. Qc2 b5 16. Rfd1 Nd5 17. Ne3 Nce7 18. Ng5 Bg6 19. Bd3 Rc8 20. Qd2 Nxe3 21. Qxe3 Bxd3 22. Rxd3 Nd5 23. Qd2 Qe7 24. Ne4 Rfd8 25. Nc5 Bb6 26. Bd4 a5 27. Ne4 Bxd4 28. Rxd4 axb4 29. axb4 Ra8 30. Rd1 h6 31. Nc3 Rab8 32. Nxd5 Rxd5 33. Qf4 Rxd4 34. Qxd4 Rc8 35. Qd6 Qxd6 36. exd6 Rd8 37. f4 Kf8 38. Kf2 Ke8 39. Ke3 f6 40. Ke4 Kd7 41. f5 e5 42. Kd5 Rc8 43. Ra1 Ke8 44. Ke6 Rb8 45. Ra7 h5 46. Rxg7 Kf8 47. Rf7+ Ke8 48. Rh7 1-0

[Event "ESP-ch U1700 2024"]
[Site "Albacete"]
[Date "2024.08.30"]
[Round "6.8"]
[White "Fernandez Gonzalez, Mateo"]
[Black "Caballero Sanchez, Francisco"]
[Result "0-1"]
[ECO "B52"]
[WhiteElo "1625"]
[BlackElo "1682"]
[Annotator "NA RC"]
[PlyCount "103"]
[EventDate "2024.08.27"]
[EventType "swiss"]
[EventCountry "ESP"]
[SourceTitle "playchess.com"]
[Source "ChessBase"]
[SourceQuality "1"]
[TimeControl "5400+30"]

1. e4 c5 2. Nf3 d6 3. Bb5+ Bd7 4. Bxd7+ Nxd7 5. O-O Ngf6 6. Re1 e6 7. Nc3 Be7 8. d4 cxd4 9. Nxd4 O-O 10. Qf3 Qb6 11. Nb3 Ne5 12. Qg3 Rfd8 13. Be3 Qc6 14. Nd4 Qe8 15. Ndb5 Qc6 16. Nd4 Qd7 17. Rad1 Qc7 18. Ndb5 Qa5 19. Bf4 Nh5 20. Qe3 Nc4 21. Qc1 Nxf4 22. Qxf4 Nxb2 23. Rb1 Bf6 24. Rxb2 Bxc3 25. Nxc3 Qxc3 26. Reb1 b6 27. h4 Rac8 28. h5 h6 29. Qh4 Rd7 30. g4 Qd2 31. Qg3 Rxc2 32. Rxc2 Qxc2 33. Qb3 Qxb3 34. Rxb3 Rc7 35. Rd3 Rc6 36. Ra3 a5 37. Rd3 Kf8 38. Kg2 Ke7 39. Kg3 b5 40. Kf4 f6 41. Ke3 b4 42. Kd2 Rc4 43. f3 e5 44. Rd5 Rc5 45. Rd3 Kd7 46. a3 Kc6 47. axb4 axb4 48. Kd1 Rc4 49. Kd2 Rd4 50. Rxd4 exd4 51. Kd3 b3 52. Kxd4 0-1

[Event "ESP-ch U1700 2024"]
[Site "Albacete"]
[Date "2024.08.30"]
[Round "6.9"]
[White "Acebal Fernandez, Jose Maria"]
[Black "Vallina Menendez, Marcos"]
[Result "1/2-1/2"]
[ECO "D10"]
[WhiteElo "1624"]
[BlackElo "1680"]
[Annotator "NA RC"]
[PlyCount "93"]
[EventDate "2024.08.27"]
[EventType "swiss"]
[EventCountry "ESP"]
[SourceTitle "playchess.com"]
[Source "ChessBase"]
[SourceQuality "1"]
[TimeControl "5400+30"]

1. d4 d5 2. c4 c6 3. cxd5 cxd5 4. Nc3 Nf6 5. Bg5 e6 6. e3 Nbd7 7. Bd3 Bd6 8. Nf3 h6 9. Bh4 O-O 10. O-O a6 11. Bg3 Bxg3 12. hxg3 b5 13. a3 Bb7 14. Rc1 Rc8 15. Qe2 Ne4 16. Nd2 Nxc3 17. Rxc3 Rxc3 18. bxc3 Qa5 19. Nb3 Qxc3 20. Qc2 Rc8 21. Rc1 Qxc2 22. Rxc2 Rxc2 23. Bxc2 Kf8 24. Kf1 Ke7 25. Ke2 Kd6 26. Kd2 f5 27. f4 Nf6 28. Nc5 Bc8 29. Bd1 Kc6 30. Kc3 a5 31. Bf3 g5 32. fxg5 hxg5 33. g4 Nxg4 34. Bxg4 fxg4 35. g3 e5 36. Kb3 Bf5 37. Kb2 a4 38. Kc3 Bc8 39. Nd3 exd4+ 40. exd4 Kd6 41. Nc5 Kc6 42. Kb4 Kb6 43. Nd3 Bd7 44. Nc5 Bf5 45. Kc3 Ka5 46. Nb7+ Kb6 47. Nc5 1/2-1/2

[Event "ESP-ch U1700 2024"]
[Site "Albacete"]
[Date "2024.08.31"]
[Round "7.1"]
[White "Garcia-Munoz Arias, Diego"]
[Black "Saiz Alonso de Armino, Daniel"]
[Result "1/2-1/2"]
[ECO "D00"]
[WhiteElo "1696"]
[BlackElo "1689"]
[Annotator "NA RC COMBH"]
[PlyCount "68"]
[EventDate "2024.08.27"]
[EventType "swiss"]
[EventCountry "ESP"]
[SourceTitle "playchess.com"]
[Source "ChessBase"]
[SourceQuality "1"]
[TimeControl "5400+30"]

1. d4 d5 2. Bf4 e6 3. e3 Nf6 4. Nf3 c5 5. Nbd2 Bd6 6. Bb5+ Nc6 7. dxc5 Bxc5 8. O-O O-O 9. c4 Bd6 10. Bxc6 bxc6 11. cxd5 cxd5 12. Bxd6 Qxd6 13. Rb1 Ba6 14. Re1 Rfd8 15. b4 Bd3 16. Rb3 Bg6 17. a4 Rac8 18. Rb2 h6 19. b5 Rd7 20. Nd4 Rb7 21. Qa1 Nd7 22. Rc1 Rxc1+ 23. Qxc1 Rc7 24. Qa1 Ne5 25. a5 Bd3 26. b6 Qa3 27. Rb1 Qxa1 28. bxc7 Qc3 29. Rb8+ Kh7 30. c8=Q Qxd2 31. h3 Qe1+ 32. Kh2 Qxf2 33. Qh8+ Kg6 34. Rg8 Ng4+ 1/2-1/2

[Event "ESP-ch U1700 2024"]
[Site "Albacete"]
[Date "2024.08.31"]
[Round "7.2"]
[White "El Ammari Rovira, Yassin Jesus"]
[Black "Jimenez Fernandez, Alejandro"]
[Result "1/2-1/2"]
[ECO "D04"]
[WhiteElo "1582"]
[BlackElo "1956"]
[Annotator "NA RC"]
[PlyCount "108"]
[EventDate "2024.08.27"]
[EventType "swiss"]
[EventCountry "ESP"]
[SourceTitle "playchess.com"]
[Source "ChessBase"]
[SourceQuality "1"]
[TimeControl "5400+30"]

1. d4 d5 2. Nf3 Nf6 3. e3 Bg4 4. Be2 e6 5. h3 Bh5 6. Nbd2 c5 7. dxc5 Bxc5 8. O-O Nc6 9. c3 O-O 10. Nd4 Bxe2 11. Qxe2 e5 12. Nxc6 bxc6 13. e4 Re8 14. exd5 cxd5 15. a3 Bb6 16. c4 d4 17. Ne4 Nxe4 18. Qxe4 Qc7 19. b3 a5 20. a4 Rad8 21. Rd1 Bc5 22. Bd2 Rb8 23. Rab1 g6 24. Qe1 Bb4 25. Bxb4 axb4 26. Qd2 Kg7 27. Re1 Qc5 28. Rbd1 Rbd8 29. Qa2 Qa5 30. Qc2 Rc8 31. Kf1 Re6 32. Qd3 Rd8 33. Qc2 Rc6 34. Qe4 Re6 35. Qc2 Rc8 36. Qd3 Qc5 37. Kg1 Rd8 38. Qc2 f5 39. Kf1 Kf7 40. f3 Rdd6 41. Qd3 Kg7 42. f4 e4 43. Qd2 e3 44. Qd3 Re4 45. g3 Rde6 46. Ke2 Qc6 47. Rf1 h6 48. Rde1 Qc5 49. Rf3 Qc6 50. Ref1 Re7 51. Ra1 Ra7 52. Raf1 Rae7 53. Rc1 Qc5 54. Ra1 Qa5 1/2-1/2

[Event "ESP-ch U1700 2024"]
[Site "Albacete"]
[Date "2024.08.31"]
[Round "7.3"]
[White "Cerdeno Gil, Izan"]
[Black "Caballero Sanchez, Francisco"]
[Result "0-1"]
[ECO "E06"]
[WhiteElo "1637"]
[BlackElo "1682"]
[Annotator "NA RC COMBH"]
[PlyCount "150"]
[EventDate "2024.08.27"]
[EventType "swiss"]
[EventCountry "ESP"]
[SourceTitle "playchess.com"]
[Source "ChessBase"]
[SourceQuality "1"]
[TimeControl "5400+30"]

1. d4 Nf6 2. c4 e6 3. Nf3 d5 4. g3 Be7 5. Bg2 O-O 6. O-O b6 7. Qc2 Bb7 8. Nbd2 Na6 9. a3 c5 10. dxc5 Nxc5 11. b4 Nce4 12. Nxe4 Nxe4 13. Rd1 Qc8 14. Nd2 Bf6 15. Nxe4 Bxa1 16. Nd6 Qc7 17. Nxb7 Bf6 18. Bf4 Qxb7 19. cxd5 Rac8 20. Qa2 Rfd8 21. d6 Qd7 22. g4 g5 23. Bg3 Bg7 24. a4 Qe8 25. b5 e5 26. Bc6 Rxc6 27. bxc6 Qxc6 28. Qa3 f6 29. Qb3+ Kh8 30. Qe6 h6 31. Qe7 Qd7 32. Rd5 Kh7 33. f3 Kg6 34. Bf2 Bf8 35. Qxd7 Rxd7 36. a5 bxa5 37. Rxa5 Rxd6 38. Bxa7 Rd1+ 39. Kf2 Bb4 40. Ra6 Rd7 41. Bb8 Bc5+ 42. e3 Kg7 43. Ke2 Rb7 44. Bd6 Rb2+ 45. Kd3 Bxd6 46. Rxd6 Rxh2 47. Ke4 Kg6 48. f4 exf4 49. exf4 Re2+ 50. Kf3 Re7 51. f5+ Kf7 52. Rb6 Ra7 53. Rc6 Ra3+ 54. Kg2 Re3 55. Kf2 Rh3 56. Rc7+ Ke8 57. Rg7 h5 58. gxh5 Rxh5 59. Rb7 Rh4 60. Rb3 Rf4+ 61. Kg3 Rxf5 62. Kg4 Rf4+ 63. Kh5 g4 64. Rg3 f5 65. Kg5 Rf3 66. Rg2 g3 67. Kh4 f4 68. Kh3 Ke7 69. Re2+ Kf6 70. Kg2 Ra3 71. Rc2 Kg5 72. Kh3 Re3 73. Rc5+ Kf6 74. Kg2 Re2+ 75. Kf1 g2+ 0-1

[Event "ESP-ch U1700 2024"]
[Site "Albacete"]
[Date "2024.08.31"]
[Round "7.4"]
[White "Muniz Otero, Lucas"]
[Black "Varela Cano, Hugo"]
[Result "1-0"]
[ECO "B23"]
[WhiteElo "1605"]
[BlackElo "1691"]
[Annotator "NA RC COMBH"]
[PlyCount "92"]
[EventDate "2024.08.27"]
[EventType "swiss"]
[EventCountry "ESP"]
[SourceTitle "playchess.com"]
[Source "ChessBase"]
[SourceQuality "1"]
[TimeControl "5400+30"]

1. e4 c5 2. Nc3 e6 3. f4 d6 4. Nf3 Nf6 5. Bb5+ Nbd7 6. O-O Be7 7. d3 O-O 8. Qe1 a6 9. Bxd7 Bxd7 10. Qg3 Qc7 11. f5 exf5 12. exf5 Bxf5 13. Nh4 Bg6 14. Nf5 Rfe8 15. Bg5 Bxf5 16. Rxf5 Kh8 17. Bxf6 Bxf6 18. Nd5 Qd8 19. Nxf6 gxf6 20. Qh4 Re6 21. Raf1 Kg7 22. R1f3 h6 23. Rg3+ Kh7 24. Rh3 Qf8 25. Rxf6 Rae8 26. Rhf3 Re1+ 27. Rf1 Qg7 28. Rxe1 Rxe1+ 29. Qxe1 Qxf6 30. Qe4+ Kg7 31. Qxb7 Qf4 32. Qb3 Qd2 33. Qc3+ Qxc3 34. bxc3 Kf6 35. Kf2 Ke6 36. Ke3 d5 37. c4 d4+ 38. Kd2 h5 39. c3 Ke5 40. g3 f5 41. Kc2 a5 42. Kd2 a4 43. Kc2 a3 44. h4 dxc3 45. Kxc3 f4 46. gxf4+ Kd6 1-0

[Event "ESP-ch U1700 2024"]
[Site "Albacete"]
[Date "2024.08.31"]
[Round "7.5"]
[White "Trujillo Torres, Alvaro"]
[Black "Lopez Milian, Adela"]
[Result "1/2-1/2"]
[ECO "C02"]
[WhiteElo "1595"]
[BlackElo "1681"]
[Annotator "NA RC COMBH"]
[PlyCount "132"]
[EventDate "2024.08.27"]
[EventType "swiss"]
[EventCountry "ESP"]
[SourceTitle "playchess.com"]
[Source "ChessBase"]
[SourceQuality "1"]
[TimeControl "5400+30"]

1. e4 e6 2. d4 d5 3. e5 c5 4. c3 Nc6 5. Nf3 a6 6. Bd3 c4 7. Bc2 b5 8. Nbd2 a5 9. Nf1 Bd7 10. Ng3 Nge7 11. Ng5 h6 12. Nh7 Qc7 13. Nxf8 Kxf8 14. O-O Ng6 15. f4 Nce7 16. f5 exf5 17. Nxf5 Bxf5 18. Bxf5 Nxf5 19. Rxf5 Kg8 20. Bd2 Kh7 21. Qe2 Qd7 22. Rf2 Qe6 23. Raf1 Rhf8 24. Bf4 Nxf4 25. Rxf4 Kg8 26. Qg4 Qxg4 27. Rxg4 Ra6 28. Rgf4 b4 29. R4f2 Rb6 30. Rc1 Rfb8 31. Rcc2 b3 32. axb3 Rxb3 33. Kf1 a4 34. Ke1 a3 35. bxa3 Rxa3 36. Kd2 Rb1 37. Re2 Rbb3 38. e6 fxe6 39. Rxe6 Rb1 40. g3 Raa1 41. Re5 Rd1+ 42. Ke3 Rd3+ 43. Kf2 Ra5 44. Ke2 Kf7 45. Kf2 Kf6 46. Re1 Ra3 47. Re3 Rd1 48. Re1 Raa1 49. Rce2 Rxe1 50. Rxe1 Rxe1 51. Kxe1 Kf5 52. Kf2 Ke4 53. Ke2 g6 54. h3 h5 55. h4 Kf5 56. Kf3 g5 57. hxg5 Kxg5 58. Kf2 Kg4 59. Kg2 Kg5 60. Kf2 Kf6 61. Ke3 Kg5 62. Kf2 Kg6 63. Ke3 Kf5 64. Kf3 Kg5 65. Kf2 Kg4 66. Kg2 Kg5 1/2-1/2

[Event "ESP-ch U1700 2024"]
[Site "Albacete"]
[Date "2024.08.31"]
[Round "7.6"]
[White "Quiros Florea, Rafael-Santiago"]
[Black "Perez Fernandez, Alvaro"]
[Result "0-1"]
[ECO "E73"]
[WhiteElo "1666"]
[BlackElo "1638"]
[Annotator "NA RC COMBH"]
[PlyCount "60"]
[EventDate "2024.08.27"]
[EventType "swiss"]
[EventCountry "ESP"]
[SourceTitle "playchess.com"]
[Source "ChessBase"]
[SourceQuality "1"]
[TimeControl "5400+30"]

1. d4 Nf6 2. c4 d6 3. Nc3 g6 4. e4 Bg7 5. Be2 O-O 6. Be3 e5 7. d5 Nbd7 8. g4 Ne8 9. h4 h6 10. Qd2 Kh7 11. O-O-O Rh8 12. g5 h5 13. Rf1 Rf8 14. Nh3 Nb6 15. f4 Bxh3 16. Rxh3 exf4 17. Bxf4 Qe7 18. Bd3 a5 19. Qe2 a4 20. Re3 a3 21. e5 dxe5 22. Bxe5 Bxe5 23. Rxe5 axb2+ 24. Kb1 Qb4 25. Qxh5+ Kg8 26. Bxg6 fxg6 27. Qxg6+ Ng7 28. Rxf8+ Rxf8 29. Qd3 Nxc4 30. Re1 Na3# 0-1

[Event "ESP-ch U1700 2024"]
[Site "Albacete"]
[Date "2024.08.31"]
[Round "7.8"]
[White "Solanilla Olcese, Ada"]
[Black "Zubizarreta Landera, Maddi"]
[Result "1-0"]
[ECO "C01"]
[WhiteElo "1668"]
[BlackElo "1699"]
[Annotator "NA RC COMBH"]
[PlyCount "98"]
[EventDate "2024.08.27"]
[EventType "swiss"]
[EventCountry "ESP"]
[SourceTitle "playchess.com"]
[Source "ChessBase"]
[SourceQuality "1"]
[TimeControl "5400+30"]

1. e4 e6 2. d4 d5 3. exd5 exd5 4. Nf3 Bd6 5. Bd3 Bg4 6. O-O Ne7 7. c3 Bf5 8. Bxf5 Nxf5 9. Qd3 Ne7 10. Qb5+ Nbc6 11. Qxb7 Rb8 12. Qa6 O-O 13. Nbd2 h6 14. Nb3 Rb6 15. Qd3 Ng6 16. Re1 Nf4 17. Bxf4 Bxf4 18. Rab1 Ne7 19. g3 Rg6 20. Ne5 Bxe5 21. Rxe5 Nc8 22. Nc5 c6 23. Rbe1 Nd6 24. Qe2 Qc8 25. Qa6 Nc4 26. Qxc8 Rxc8 27. Re8+ Rxe8 28. Rxe8+ Kh7 29. Re2 a5 30. Nb7 a4 31. Nc5 Nb6 32. Re7 Kg8 33. Rb7 Nc4 34. Nxa4 Re6 35. Nc5 Re1+ 36. Kg2 Ra1 37. a3 Rb1 38. Nd3 Nxa3 39. Ne5 Nb5 40. Nxc6 Nxc3 41. Rb8+ Kh7 42. bxc3 Rxb8 43. Nxb8 Kg6 44. Nc6 Kf6 45. Nb4 Ke6 46. Nd3 Kd6 47. Kf3 Ke6 48. Kg4 Kf6 49. Nf4 Ke7 1-0